 Dungeon Crawl Stone Soup version 0.25.1-2-g60ff931df9 (webtiles) character file.

Game seed: 7518947895135262767

173520 crazymagnet the Minotaur Blade (level 17, -6/146 HPs)
             Began as a Minotaur Berserker on Nov 8, 2020.
             Was a High Priest of Trog.
             Killed by divine providence
             ... invoked by a meliai
              (8 damage)
             ... on level 14 of the Dungeon on Nov 11, 2020.
             The game lasted 02:28:35 (28368 turns).

crazymagnet the Minotaur Blade (MiBe)              Turns: 28368, Time: 02:28:36

Health: -6/146     AC: 43    Str: 29    XL:     17   Next: 18%
Magic:  10/10      EV: 18    Int:  4    God:    Trog [*****.]
Gold:   1197       SH:  0    Dex: 12    Spells: 16/16 levels left

rFire    . . .     SeeInvis .   q - +2 great sword of Vihuwnat {flame, rN+}
rCold    + . .     Gourm    .   (shield currently unavailable)
rNeg     + . .     Faith    .   G - +27 Lear's hauberk
rPois    .         Spirit   .   (helmet currently unavailable)
rElec    +         Reflect  .   N - +1 cloak of Starlight {rElec rC+ EV+4 Stlth--}
rCorr    .         Harm     .   (gloves currently unavailable)
MR       +++..     Rnd*Rage +   (boots currently unavailable) Stlth ..........Rnd*Tele +
                                H - amulet of regeneration
HPRegen  1.00/turn              w - +4 ring of protection
MPRegen  0.12/turn              v - +6 ring of strength

@: regenerating (expiring)
A: retaliatory headbutt, horns 2, [berserk 1], [blurry vision 2], [deformed
body], [deterioration 2], [frail 1], [low mp 3], [screaming 2], [inhibited
regeneration], [teleportitis 1], [weak 2], [no potion heal 3], [subdued magic 2]
}: 1/15 runes: decaying
a: Berserk, Trog's Hand, Brothers in Arms, Renounce Religion


You were on level 14 of the Dungeon.
You worshipped Trog.
Trog was extremely pleased with you.
You were hungry.

You visited 4 branches of the dungeon, and saw 26 of its levels.
You visited the Abyss 1 time.
You also visited: Gauntlet.

You collected 1965 gold pieces.
You spent 768 gold pieces at shops.

Inventory:

Hand Weapons
 a - a +2 double sword of electrocution
 b - a +2 vorpal triple sword
 q - the +2 great sword of Vihuwnat (weapon) {flame, rN+}
   (Trog gifted it to you on level 2 of the Swamp)

   It has been specially enchanted to burn those struck by it, causing extra
   injury to most foes and up to half again as much damage against particularly
   susceptible opponents.
   Big, fiery blades are also staple armaments of hydra-hunters.
   It protects you from negative energy.
 E - a +4 great sword
 I - a +2 demon blade of freezing
 M - a +4 demon blade of draining
Missiles
 r - 31 javelins
 u - 15 silver javelins (quivered)
Armour
 t - a +1 scale mail of magic resistance
 y - a +1 ring mail of cold resistance
 D - the +1 plate armour "Kex Wecs" {rPois SInv}
   (You found it on level 6 of the Lair of Beasts)

   It protects you from poison.
   It lets you see invisible.
 G - the +27 Lear's hauberk (worn)
   (You took it off a minotaur in a Gauntlet)
 L - a +1 chain mail of fire resistance
 N - the +1 cloak of Starlight (worn) {rElec rC+ EV+4 Stlth--}
   (You found it in a Gauntlet)

   It affects your evasion (+4).
   It protects you from cold.
   It insulates you from electricity.
   It makes you much less stealthy.
Jewellery
 i - an uncursed ring of resist corrosion
 p - an uncursed ring of protection from magic
 v - a +6 ring of strength (right hand)
 w - a +4 ring of protection (left hand)
 B - the amulet "Nyfuexum" {Spirit rElec}
   (You found it on level 6 of the Lair of Beasts)

   [amulet of guardian spirit]

   It causes incoming damage to be split between your health and magic.
   It insulates you from electricity.
 H - an amulet of regeneration (around neck)
 J - an uncursed ring of poison resistance
 Q - an uncursed ring of see invisible
 Y - an uncursed ring of flight
Wands
 A - a wand of clouds (4)
Scrolls
 f - 3 scrolls of identify
 g - 15 scrolls of remove curse
 h - a scroll of brand weapon {unknown}
 k - 2 scrolls of magic mapping
 l - 4 scrolls of fear
 m - 3 scrolls of enchant weapon
 n - a scroll of holy word
 s - 5 scrolls of teleportation
 x - 2 scrolls of blinking
 z - a scroll of acquirement {unknown}
 K - 2 scrolls of enchant armour
Potions
 d - 2 potions of stabbing
 e - 6 potions of might
 j - 9 potions of curing
 o - 9 potions of heal wounds
Comestibles
 c - 52 rations
 C - 4 chunks of flesh


   Skills:
 + Level 17.9 Fighting
 + Level 21.7 Long Blades
 * Level 11.3 Throwing
 + Level 14.9 Armour
 + Level 10.4 Dodging


You had 16 spell levels left.
You didn't know any spells.
Your spell library was empty.

Dungeon Overview and Level Annotations

Branches:
Dungeon (14/15)            Temple (0/1) D:7            Lair (6/6) D:11
  Swamp (4/4) Lair:3       Spider (0/4) Lair:3        Slime (0/5) Lair:6
    Orc (2/2) D:12            Elf (0/3) Orc:2       Gauntlet (visited)
 Vaults: D:13-14

Altars:
Ashenzari
Cheibriados
Dithmenos
Elyvilon
Fedhas
Hepliaklqana
Kikubaaqudgha
Okawaru
Ru
Trog
Uskayaw
Xom
Yredelemnul
The Shining One
Beogh

Shops:
D:10 :   D:12 =   Orc:2 :*[([

Annotations:
D:3 2 transporters, Snicker's ghost, amateur MiGl
D:14 Louise
Lair:1 3 runed translucent doors w ghost, Anlio's ghost, novice NaBe
Lair:3 oklob loot?, exclusion: oklob plant
Lair:6 1 runed translucent door, crazymagnet's ghost, journeyman MiBe
Swamp:2 Roxanne


Innate Abilities, Weirdness & Mutations

You reflexively headbutt those who attack you in melee.
You have a pair of horns on your head.
[You tend to lose your temper in combat.]
[Scrolls take you longer to read.]
[Armour fits poorly on your strangely shaped body.]
[Your body often deteriorates upon taking damage.]
[You are frail. (-10% HP)]
[Your magical capacity is extremely low. (-30% MP)]
[You sometimes yell uncontrollably at your foes.]
[You do not regenerate when monsters are visible.]
[You are occasionally teleported next to monsters.]
[You are very weak. (Str -4)]
[Potions cannot restore your health.]
[Your spells are easier to cast, but less powerful.]


Message History

The meliai invokes the aid of its god against you.
Something smites you!
* * * LOW HITPOINT WARNING * * *
The meliai completely misses you. The meliai barely misses you.
Louise blocks your iron troll's attack.
Your iron troll barely misses Louise.
Louise blocks your iron troll's attack.
You feel the effects of Trog's Hand fading.
The meliai calls down the wrath of its god upon you.
Something smites you!
* * * LOW HITPOINT WARNING * * *
Your iron troll rages.
The meliai hits you but does no damage.
The meliai stings you but does no damage.
Louise casts a spell.
Louise blinks!
Your intelligence has recovered.
You feel yourself speed up.
The meliai calls down the wrath of its god upon you.
Something smites you!
You die...

#.####.......# #.# #
#.# ##.####..# #.#
...
####.###..#...#...
..# ###
..........#...#...
.......####......# #
.......#⌠.##+.#.⌠# .#
.......#.........# ..
....#.###...§...##.##
....#...#.T.....@...#
##..#...+@.._...+...+
##.....#...".dy#...#
#.##.##.....yO#####
###....#..)......#
)......#⌠.##+##.⌠#
###....#.#.....#O#
#.......#...#.(..
#...##..#......###


You could see Louise, a purple draconian (strong), an ogre, 2 meliai and a
friendly iron troll (summoned, berserk, misshapen).

Vanquished Creatures
  Jorgrun (D:13)
  A tentacled starspawn (Abyss:4)
  Gastronok (Lair:1)
  8 thorn hunters
  An orc warlord (Orc:1)
  A hydra skeleton (Swamp:4)
  2 vampire knights (Swamp:4)
  An entropy weaver (Abyss:4)
  A minotaur (Gauntlet)
  Josephine (D:13)
  A green death (Abyss:4)
  A great orb of eyes (Abyss:4)
  A fire dragon (D:12)
  Erolcha (D:13)
  16 hydras
  A rakshasa (Abyss:4)
  5 shambling mangroves
  An anaconda (Lair:6)
  3 catoblepae
  5 centaur warriors
  6 two-headed ogres
  2 death knights
  A ghost crab (Swamp:3)
  6 alligators
  7 death yaks
  A thrashing horror (Abyss:4)
  Urug (D:13)
  Nergalle (Orc:2)
  A wretched star (Abyss:4)
  3 orc high priests
  3 spriggan druids
  A spatial maelstrom (Abyss:4)
  An unseen horror (D:14)
  3 spectral hydras (Swamp:4)
  A glowing orange brain (Abyss:4)
  3 phantasmal warriors
  A lindwurm (Lair:6)
  6 orc knights
  9 swamp dragons
  3 orc sorcerers
  3 oklob plants (Swamp:4)
  A cyclops (Orc:1)
  8 ugly things (D:14)
  A manticore (D:13)
  An eye of devastation (Lair:6)
  3 black mambas
  A smoke demon (Abyss:4)
  53 spiny frogs
  A torpor snail (Lair:4)
  A gargoyle (D:14)
  2 efreet
  8 komodo dragons
  A demonic crawler (Lair:4)
  An ancient zyme (Abyss:4)
  2 rime drakes
  A death drake zombie (Swamp:4)
  2 trolls
  A polar bear (Lair:2)
  2 hydra zombies (Swamp:4)
  7 bog bodies
  10 tyrant leeches
  15 hornets
  32 blink frogs
  9 slime creatures
  9 dream sheep
  10 hippogriffs
  3 shadows
  6 wraiths
  A ynoxinul (Gauntlet)
  9 spriggans
  4 flying skulls (Abyss:4)
  A chaos spawn (Abyss:4)
  4 fire elementals
  A basilisk (Lair:5)
  24 yaks
  A steam dragon (D:11)
  A hungry ghost (D:13)
  13 vampire mosquitoes
  13 insubstantial wisps
  An acid dragon (D:12)
  8 wargs
  21 swamp worms
  A spatial vortex (Abyss:4)
  3 hydra simulacra (Swamp:4)
  13 water moccasins
  2 hell hounds (Gauntlet)
  10 porcupines
  35 orc warriors
  2 ice beasts
  7 swamp drakes
  A necrophage (D:8)
  A phantom (D:4)
  3 eyes of draining
  4 swamp dragon zombies (Swamp:4)
  3 swamp dragon skeletons (Swamp:4)
  16 ogres
  12 crocodiles
  7 centaurs
  A big kobold (shapeshifter) (D:13)
  2 big kobolds
  29 bullfrogs
  A spiny frog simulacrum (Gauntlet)
  3 scorpions
  A small abomination (Abyss:4)
  11 killer bees
  3 howler monkeys (D:8)
  7 wights
  5 electric eels
  5 crimson imps
  A quasit (D:10)
  3 centaur zombies
  9 jellies
  A wyvern simulacrum (Gauntlet)
  3 bullfrog zombies (D:12)
  24 orc wizards
  17 orc priests
  9 hounds
  2 bullfrog skeletons
  2 gnoll shamans (D:11)
  2 iron imps (Gauntlet)
  4 centaur skeletons
  5 iguanas
  8 hell rats
  Natasha (D:4)
  14 worker ants
  A bullfrog simulacrum (Gauntlet)
  A hound zombie (D:7)
  2 worker ant zombies
  8 gnolls (D:11)
  8 adders
  2 river rats (D:11)
  5 shadow imps
  A white imp (Abyss:4)
  2 oozes
  An adder zombie (D:6)
  An adder skeleton (D:7)
  6 worms
  4 dart slugs
  2 leopard geckos
  70 orcs
  5 ball pythons
  9 bats
  3 giant cockroaches
  7 goblins
  6 hobgoblins
  3 jackals (D:6)
  3 quokkas
  3 frilled lizards
  A giant cockroach zombie (D:6)
  10 kobolds
  A leopard gecko zombie (D:7)
  16 rats
  3 briar patches
  2 plants (Lair:4)
888 creatures vanquished.

Vanquished Creatures (collateral kills)
  2 hydras (Lair:2)
  A shambling mangrove (Swamp:4)
  A wretched star (D:14)
  A spatial maelstrom (Abyss:4)
  5 hornets
  6 slime creatures (Swamp:4)
  2 spriggans
  A crocodile (Lair:2)
19 creatures vanquished.

Vanquished Creatures (others)
  A blink frog (Lair:6)
  A hornet (Swamp:4)
  An orc (Orc:1)
  6 briar patches
  15 fungi
  45 plants
  2 starspawn tentacles (Abyss:4)
71 creatures vanquished.

Grand Total: 978 creatures vanquished

Notes
Turn   | Place    | Note
-------+----------+-------------------------------------------
     0 | D:1      | crazymagnet the Minotaur Berserker began the quest for the
                  | Orb.
     0 | D:1      | Reached XP level 1. HP: 19/19 MP: 0/0
    91 | D:1      | Reached skill level 4 in Long Blades
   430 | D:1      | Reached XP level 2. HP: 26/26 MP: 1/1
   949 | D:1      | Reached skill level 5 in Long Blades
  1102 | D:2      | Reached XP level 3. HP: 29/31 MP: 2/2
  1165 | D:2      | Reached ** piety under Trog
  1721 | D:2      | Found a hazy altar of Hepliaklqana.
  2063 | D:3      | Reached skill level 6 in Long Blades
  2063 | D:3      | Reached XP level 4. HP: 37/39 MP: 3/3
  2086 | D:3      | Noticed Snicker's ghost (amateur MiGl)
  2088 | D:3      | Found a transporter.
  2471 | D:3      | Found a transporter.
  2650 | D:4      | Found an iron altar of Okawaru.
  2653 | D:4      | Found a snail-covered altar of Cheibriados.
  2731 | D:4      | Reached skill level 7 in Long Blades
  2731 | D:4      | Reached XP level 5. HP: 44/45 MP: 4/4
  2872 | D:4      | Found a hide-covered altar of Uskayaw.
  2872 | D:4      | Noticed a +0 hand axe
  2872 | D:4      | Noticed a +0 dagger
  2960 | D:4      | Reached skill level 8 in Long Blades
  3119 | D:4      | Noticed a phantom
  3124 | D:4      | Reached XP level 6. HP: 51/51 MP: 5/5
  3157 | D:4      | Noticed Natasha
  3162 | D:4      | Killed Natasha
  3162 | D:4      | Reached skill level 9 in Long Blades
  3174 | D:4      | Reached *** piety under Trog
  3517 | D:5      | Entered Level 5 of the Dungeon
  3655 | D:5      | Reached XP level 7. HP: 58/58 MP: 6/6
  3962 | D:5      | Found a shadowy altar of Dithmenos.
  4050 | D:5      | Reached skill level 10 in Long Blades
  4631 | D:6      | Reached XP level 8. HP: 66/66 MP: 7/7
  4836 | D:6      | Reached skill level 11 in Long Blades
  5193 | D:7      | Reached **** piety under Trog
  5450 | D:7      | Reached skill level 12 in Long Blades
  5623 | D:7      | Found a faded altar of an unknown god.
  5623 | D:7      | Found a glowing golden altar of the Shining One.
  5628 | D:7      | Found a white marble altar of Elyvilon.
  5630 | D:7      | Found a shimmering altar of Xom.
  5632 | D:7      | Found an ancient bone altar of Kikubaaqudgha.
  5776 | D:7      | Reached skill level 5 in Fighting
  5805 | D:7      | Found a staircase to the Ecumenical Temple.
  6279 | D:7      | Reached XP level 9. HP: 42/74 MP: 4/8
  6812 | D:8      | Reached skill level 13 in Long Blades
  6812 | D:8      | Reached skill level 5 in Armour
  7002 | D:8      | Noticed a two-headed ogre
  7026 | D:8      | Killed a two-headed ogre
  7312 | D:8      | Reached skill level 14 in Long Blades
  7376 | D:8      | Noticed a moth of wrath
  7379 | D:8      | Found a bloodstained altar of Trog.
  7756 | D:9      | Reached ***** piety under Trog
  7762 | D:9      | Reached XP level 10. HP: 80/84 MP: 9/9
  7886 | D:9      | Found a sacrificial altar of Ru.
  7889 | D:9      | Noticed a two-headed ogre
  7898 | D:9      | Killed a two-headed ogre
  8225 | D:9      | Reached skill level 15 in Long Blades
  8790 | D:10     | Entered Level 10 of the Dungeon
  8860 | D:10     | Found Alech's Book Emporium.
  8939 | D:10     | Reached skill level 5 in Dodging
  9095 | D:10     | Noticed a two-headed ogre
  9098 | D:10     | Killed a two-headed ogre
  9687 | D:11     | Noticed a two-headed ogre
  9699 | D:11     | Killed a two-headed ogre
  9699 | D:11     | Reached XP level 11. HP: 82/95 MP: 8/10
 10094 | D:11     | Found a staircase to the Lair.
 10094 | D:11     | Noticed a death yak
 10095 | D:11     | Noticed a death yak
 10095 | D:11     | Noticed a death yak
 10107 | D:11     | Killed a death yak
 10107 | D:11     | Reached skill level 16 in Long Blades
 10113 | D:11     | Killed a death yak
 10122 | D:11     | Killed a death yak
 10195 | D:11     | Received a gift from Trog
 11093 | Lair:1   | Entered Level 1 of the Lair of Beasts
 11106 | Lair:1   | Noticed a minotaur
 11107 | Lair:1   | Noticed Anlio's ghost (novice NaBe)
 11230 | Lair:1   | Found the +5 robe of Misfortune {*Contam Harm *Corrode
                  | *Drain *Slow EV+5}
 11395 | Lair:1   | Reached skill level 10 in Fighting
 11586 | Lair:1   | Reached skill level 17 in Long Blades
 11592 | Lair:1   | Found a runed translucent gate.
 11592 | Lair:1   | Found a runed translucent gate.
 11592 | Lair:1   | Found a runed translucent gate.
 11867 | Lair:1   | Noticed Gastronok
 11878 | Lair:1   | Killed Gastronok
 11878 | Lair:1   | Reached XP level 12. HP: 107/107 MP: 11/11
 12193 | Lair:2   | Noticed a seven-headed hydra
 12215 | Lair:2   | Killed an eight-headed hydra
 12428 | Lair:2   | Noticed a seven-headed hydra
 12434 | Lair:2   | Killed a seven-headed hydra
 13365 | Lair:3   | Reached skill level 1 in Throwing
 13625 | Lair:3   | Found a hole to the Spider Nest.
 13775 | Lair:3   | Found a staircase to the Swamp.
 14182 | Lair:4   | Found a gate leading to a gauntlet.
 14260 | Gauntlet | Entered a Gauntlet
 14260 | Gauntlet | Found a transporter.
 14387 | Gauntlet | Found a transporter.
 14389 | Gauntlet | Found a transporter.
 14398 | Gauntlet | Found a transporter.
 14400 | Gauntlet | Found a transporter.
 14406 | Gauntlet | Found a runed translucent gate.
 14406 | Gauntlet | Found a runed translucent gate.
 14406 | Gauntlet | Noticed a death scarab
 14407 | Gauntlet | Noticed a death scarab
 14409 | Gauntlet | Found a runed translucent gate.
 14409 | Gauntlet | Found a transporter.
 14425 | Gauntlet | Found a transporter.
 14435 | Gauntlet | Found a transporter.
 14445 | Gauntlet | Found a transporter.
 14446 | Gauntlet | Noticed a death scarab
 14458 | Gauntlet | Noticed a death scarab
 14460 | Gauntlet | Found a transporter.
 14468 | Gauntlet | Found a runed translucent door.
 14469 | Gauntlet | Found a transporter.
 14470 | Gauntlet | Found a runed translucent door.
 14471 | Gauntlet | Found a transporter.
 14527 | Gauntlet | Found a transporter.
 14532 | Gauntlet | Reached skill level 18 in Long Blades
 14536 | Gauntlet | Reached skill level 10 in Armour
 14566 | Gauntlet | Got a steaming hat
 14755 | Gauntlet | Noticed a minotaur
 14773 | Gauntlet | Killed a minotaur
 14846 | Gauntlet | Identified the Grimoire of Enhancements
 14849 | Gauntlet | Identified the Papyrus of Companions and Aid
 14850 | Gauntlet | Found the +1 cloak of Starlight {rElec rC+ EV+4 Stlth--}
 14854 | Gauntlet | Identified Hikaone's Grimoire of Orientation
 14941 | Lair:4   | Noticed a catoblepas
 14960 | Lair:4   | Killed a catoblepas
 15135 | Lair:4   | Reached XP level 13. HP: 118/118 MP: 12/12
 16659 | Lair:5   | Reached skill level 5 in Throwing
 16783 | Lair:6   | Entered Level 6 of the Lair of Beasts
 16880 | Lair:6   | Found a staircase to the Slime Pits.
 17057 | Lair:6   | Found a runed translucent door.
 17065 | Lair:6   | Noticed crazymagnet's ghost (journeyman MiBe)
 17084 | Lair:6   | Received a gift from Trog
 17140 | Lair:6   | Reached ****** piety under Trog
 17216 | Lair:6   | Reached XP level 14. HP: 129/129 MP: 13/13
 17224 | Lair:6   | Reached skill level 19 in Long Blades
 17495 | Lair:6   | Received a gift from Trog
 17841 | Lair:6   | Got a brightly glowing zirconium amulet
 17844 | Lair:6   | Got a pitted plate armour
 18360 | D:12     | Found Yxaffox's Jewellery Shop.
 18368 | D:12     | Bought an uncursed ring of see invisible for 270 gold
                  | pieces
 18484 | D:12     | Found a staircase to the Orcish Mines.
 19365 | Orc:1    | Entered Level 1 of the Orcish Mines
 19660 | D:12     | Received a gift from Trog
 19805 | Orc:2    | Entered Level 2 of the Orcish Mines
 19885 | Orc:1    | Paralysed by an orc sorcerer for 6 turns
 20582 | Orc:2    | Found a roughly hewn altar of Beogh.
 20702 | Orc:2    | Noticed an orc warlord
 20863 | Orc:1    | Killed an orc warlord
 20913 | Orc:1    | Reached skill level 20 in Long Blades
 20958 | Orc:2    | Found a roughly hewn altar of Beogh.
 20983 | Orc:1    | Received a gift from Trog
 20986 | Orc:1    | Got a jewelled glaive {god gift}
 21020 | Orc:2    | Noticed Nergalle
 21037 | Orc:2    | Killed Nergalle
 21057 | Orc:2    | Found Durgh's Antique Armour Shoppe.
 21064 | Orc:2    | Found Erin's General Store.
 21076 | Orc:2    | Bought a spiked leather armour for 168 gold pieces
 21200 | Orc:2    | Found Comotsau's Book Shoppe.
 21247 | Orc:2    | Bought an uncursed ring of protection from fire for 275
                  | gold pieces
 21247 | Orc:2    | Bought a potion of heal wounds for 55 gold pieces
 21382 | Lair:1   | Identified the cursed +1 plate armour "Kex Wecs" {rPois
                  | SInv} (You found it on level 6 of the Lair of Beasts)
 21393 | Lair:1   | Identified the +1 leather armour "Zivutrewk" {rF+} (You
                  | bought it in a shop on level 2 of the Orcish Mines)
 21429 | Lair:1   | Identified the amulet "Nyfuexum" {Spirit rElec} (You found
                  | it on level 6 of the Lair of Beasts)
 21603 | Orc:2    | Found a staircase to the Elven Halls.
 21642 | Orc:2    | Found Sesun's Antique Weapon Shoppe.
 21749 | Orc:2    | Found Iha Ruzu's Armour Shop.
 21910 | Orc:2    | Reached XP level 15. HP: 128/139 MP: 12/14
 22219 | Swamp:1  | Entered Level 1 of the Swamp
 22296 | Swamp:1  | Reached skill level 15 in Fighting
 23290 | Swamp:2  | Received a gift from Trog
 23291 | Swamp:2  | Got a brightly glowing great sword {god gift}
 23305 | Swamp:2  | Identified the +2 great sword of Vihuwnat {flame, rN+}
                  | (Trog gifted it to you on level 2 of the Swamp)
 23496 | Swamp:2  | Identified Roxanne's Papyrus of Stones
 23496 | Swamp:2  | Noticed Roxanne
 23584 | Swamp:3  | Noticed a thorn hunter
 23590 | Swamp:3  | Killed a thorn hunter
 23646 | Swamp:3  | Noticed a thorn hunter
 23647 | Swamp:3  | Noticed a thorn hunter
 23656 | Swamp:3  | Killed a thorn hunter
 23664 | Swamp:3  | Killed a thorn hunter
 23952 | Swamp:3  | Noticed a thorn hunter
 23962 | Swamp:3  | Killed a thorn hunter
 24085 | Swamp:3  | Received a gift from Trog
 24209 | Swamp:3  | Noticed a thorn hunter
 24227 | Swamp:3  | Killed a thorn hunter
 24413 | Swamp:3  | Noticed a thorn hunter
 24422 | Swamp:3  | Killed a thorn hunter
 25106 | Swamp:3  | Reached XP level 16. HP: 152/152 MP: 15/15
 25232 | Swamp:4  | Entered Level 4 of the Swamp
 25423 | Swamp:4  | Paralysed by a hornet for 3 turns
 25429 | Swamp:4  | Reached skill level 10 in Throwing
 25827 | Swamp:4  | Reached skill level 21 in Long Blades
 25827 | Swamp:4  | Reached skill level 10 in Dodging
 25958 | Swamp:4  | Received a gift from Trog
 26308 | Swamp:4  | Noticed a thorn hunter
 26309 | Swamp:4  | Noticed a thorn hunter
 26310 | Swamp:4  | Found a blossoming altar of Fedhas.
 26327 | Swamp:4  | Killed a thorn hunter
 26331 | Swamp:4  | Killed a thorn hunter
 26342 | Swamp:4  | Found a basalt altar of Yredelemnul.
 26407 | Swamp:4  | Got a decaying rune of Zot
 27368 | D:13     | Noticed Erolcha
 27370 | D:13     | Noticed Jorgrun
 27376 | D:13     | Killed Erolcha
 27384 | D:13     | Killed Jorgrun
 27474 | D:13     | Noticed Josephine
 27481 | D:13     | Noticed Urug
 27492 | D:13     | Killed Josephine
 27493 | D:13     | Killed Urug
 28095 | D:14     | Found a shattered altar of Ashenzari.
 28097 | D:14     | Noticed Louise
 28110 | D:14     | Cast into level 3 of the Abyss (Louise)
 28148 | Abyss:4  | Found a corrupted altar of Lugonu.
 28176 | Abyss:4  | Reached XP level 17. HP: 162/162 MP: 16/16
 28259 | Abyss:4  | Received a gift from Trog
 28344 | Abyss:4  | Lost intelligence.
 28355 | Abyss:4  | Paralysed by accursed screaming for 1 turns
 28357 | D:14     | Escaped the Abyss
 28367 | D:14     | HP: 1/146 [meliai/divine providence (14)]
 28368 | D:14     | Killed from afar by a meliai

Illustrated notes

Levels and vault maps discovered:
D:1:      wander_arrival_abandoned_jail, layout_basic
D:2:      layout_basic, lemuel_doored_altar
D:3:      layout_basic, gammafunk_ghost_arena, minmay_misc_feat_cross
D:4:      layout_basic, kennysheep_slug_shrine, dancing_weapons_uskayaw,
          okawaru_trees_2, uniq_natasha
D:5:      layout_loops_cross, first_ration, grunt_dithmenos_smoke_and_mirrors
D:6:      layout_loops_ring, feat_on_display
D:7:      layout_loops_corners, chequers_temple_overflow_minitemple,
          minmay_temple_entry_nine_rooms, amethyst_killhole, grunt_ogre_cave
D:8:      layout_loops_cross, tgw_trog
D:9:      layout_long_grid, nicolae_ru_awakened_eye, nrook_pool_corridor,
          statue_in_the_mist_lemuel
D:10:     layout_roguey, serial_shops, shop
D:11:     kennysheep_seaside_town, layout_basic, dpeg_lair_monsters
D:12:     layout_small_grid, orc_0_dummy, serial_shops, shop_fountains
D:13:     layout_loops_ring, uniq_josephine, uniq_erolcha, uniq_jorgrun,
          uniq_urug
D:14:     layout_basic, erik_vaults_2, evilmike_ruin_ashenzari,
          minmay_misc_feat_rows, uniq_louise
Lair:1:   layout_gridlike, maelrawn_ghost_gauntlet_escape, grunt_megastairs_2,
          serial_bayou_shore_b, uniq_gastronok
Lair:2:   layout_roguey
Lair:3:   layout_chaotic_city, nicolae_swamp_entry_splash_gauntlet,
          dummy_spider_entry, minivault_19, serial_bayou_shore_a,
          infiniplex_staircase_pool_2, minmay_lair_oklob_chamber,
          lemuel_fruit_tree, lemuel_fruit_fields
Lair:4:   layout_gridlike, gauntlet_entry_generic, worms_lemuel
Lair:5:   layout_loops_ring
Lair:6:   minmay_lair_end_frog_pond, layout_gridlike, minmay_slime_entry_eyes,
          ebering_ghost_reflecting_pool
Swamp:1:  layout_basic_swamp, evilmike_swamp_ruin_house_3, swamp_pool1
Swamp:2:  layout_falls_marsh, hangedman_swamp_blocks, swamp_pool4,
          infiniplex_staircase_pool, uniq_roxanne
Swamp:3:  layout_basic_swamp, evilmike_swamp_ruin_rubble_1
Swamp:4:  byrel_swamp_growth_death_and_undeath, layout_basic_swamp
Orc:1:    layout_caves
Orc:2:    grunt_orc_cross, layout_caves, serial_shops, shop, basic_altar

Skill      XL: |  1  2  3  4  5  6  7  8  9 10 11 12 13 14 15 16 |
---------------+-------------------------------------------------+-----
Long Blades    | 4 5 6 7 8 9 10 12 14 15 17 18 20 21 | 21.7
Fighting       | 4 5 6 8 10 12 13 14 16 17 | 17.9
Dodging        | 3 4 5 6 8 9 10 | 10.4
Armour         | 3 4 6 8 9 10 11 12 13 14 | 14.9
Throwing       | 3 6 8 9 11 | 11.3

Action                   |  1- 3 |  4- 6 |  7- 9 | 10-12 | 13-15 | 16-18 || total
-------------------------+-------+-------+-------+-------+-------+-------++-------
Melee: Falchion          |   103 |    84 |   107 |       |       |       ||   294
       Headbutt          |    14 |    21 |    42 |   131 |   294 |   129 ||   631
       Great sword       |       |       |    93 |     2 |   193 |   395 ||   683
       Demon blade       |       |       |    27 |   483 |   728 |       ||  1238
       Scimitar          |       |       |       |       |    28 |       ||    28
       Triple sword      |       |       |       |       |    90 |       ||    90
       Double sword      |       |       |       |       |       |     3 ||     3
Throw: Javelin           |       |       |       |     1 |    12 |     2 ||    15
Invok: Trog's Hand       |       |       |     1 |     4 |     5 |     8 ||    18
       Brothers in Arms  |       |       |       |     2 |     2 |     4 ||     8
  Use: Scroll            |     1 |     1 |     2 |    15 |    15 |     1 ||    35
       Potion            |       |       |       |     2 |     2 |     1 ||     5
 Stab: Petrifying        |       |       |       |       |     1 |       ||     1
  Eat: Chunk             |     4 |     4 |    10 |    23 |    30 |     9 ||    80
       Ration            |       |       |     1 |     1 |     2 |     2 ||     6
Armor: Animal skin       |    33 |    12 |       |       |       |       ||    45
       Ring mail         |       |    16 |    73 |   138 |       |       ||   227
       Chain mail        |       |       |       |     8 |   526 |   376 ||   910
Dodge: Dodged            |    74 |    39 |   111 |   248 |   689 |   396 ||  1557
       Rpst.: Falchion   |    26 |    14 |    10 |       |       |       ||    50
       Great sword       |       |       |    16 |     1 |    30 |    52 ||    99
       Demon blade       |       |       |     3 |    59 |   110 |       ||   172
       Scimitar          |       |       |       |       |     2 |       ||     2
       Triple sword      |       |       |       |       |    16 |       ||    16
